 Dungeon Crawl Stone Soup version 0.30.1 (webtiles) character file.

Game seed: 18444984897137037783

95 Descartes the Digger (level 4, 0/30 HPs)
             Began as a Formicid Earth Elementalist on July 2, 2023.
             Slain by an ice beast (2 damage)
             ... on level 3 of the Dungeon.
             The game lasted 00:04:02 (2371 turns).

Descartes the Digger (Formicid Earth Elementalist)  Turns: 2371, Time: 00:04:03

Health: 0/30       AC:  3    Str: 14    XL:     4   Next: 95%
Magic:  0/8        EV: 12    Int: 15    God:
Gold:   137        SH:  0    Dex: 14    Spells: 8/9 levels left

rFire   + . .        f - staff of fire
rCold   . . .        (no shield)
rNeg    . . .        a - +0 robe
rPois   .            (helmet unavailable)
rElec   .            e - +0 cloak
rCorr   .            (no gloves)
SInv    +            (no boots)
Will    .....        (no amulet)
Stlth   ++           (no ring)
HPRegen 0.25/turn    (no ring)
MPRegen 0.11/turn

%: no passive effects
@: mighty
A: permanent stasis, dig shafts and tunnels, antennae 3, four strong arms
a: Dig, Shaft Self


You were on level 3 of the Dungeon.
You visited 1 branch of the dungeon, and saw 3 of its levels.

You collected 137 gold pieces.

Inventory:

Missiles
 n - a throwing net
Armour
 a - a +0 robe (worn)
 e - a +0 cloak (worn)
Magical Staves
 f - a staff of fire (weapon)
Jewellery
 j - a ring of ice
Scrolls
 c - a scroll of poison {unknown}
 h - a scroll of identify {unknown}
 i - a scroll of magic mapping {unknown}
 m - a scroll of blinking {unknown}
 p - a scroll of teleportation {unknown}
Potions
 b - 2 potions of magic
 d - 2 potions of might
 g - a potion of degeneration {unknown}
 k - a potion of cancellation {unknown}
 l - a potion of brilliance {unknown}
 o - a potion of curing {unknown}


   Skills:
 - Level 1.7 Dodging
 - Level 2.4 Stealth
 + Level 3.3 Spellcasting
 - Level 1.1 Transmutations
 + Level 4.6 Earth Magic
 + Level 2.4 Evocations


You had 8 spell levels left.
You knew the following spells:

 Your Spells              Type           Power      Damage    Failure   Level
a - Sandblast             Erth           32%        2d9       2%          1

Your spell library contained the following spells:

 Spells                   Type           Power      Damage    Failure   Level
 Passwall                 Tmut/Erth      9%         N/A       9%          2
 Stone Arrow              Conj/Erth      18%        3d8       22%         3
 Petrify                  Tmut/Erth      11%        N/A       52%         4


Dungeon Overview and Level Annotations

Branches:
Dungeon (3/15)

Altars:
Dithmenos

Shops:
D:2 (

Annotations:
D:3 3 runed translucent doors, zxspectator's ghost, amateur FoFi


Innate Abilities, Weirdness & Mutations

You cannot be hasted, slowed, berserked, paralysed or teleported.
You can dig through walls and to a lower floor.
You have a pair of large antennae on your head. (SInv)
Your four strong arms can wield two-handed weapons with a shield.


Message History

The ice beast is moderately wounded.
The ice beast closely misses you. The ice beast hits you.
The ice beast freezes you!
* * * LOW HITPOINT WARNING * * *
Casting: Sandblast (safe; 2% risk of failure)
Confirm with . or Enter, or press ? or * to list all spells.
Aiming: Sandblast (safe; 2% risk of failure)
Press: ? - help, Shift-Dir - straight line, f/p - ice beast
Aim: an ice beast (moderately wounded, 82% to hit)
The blast of sand hits the ice beast!
The ice beast is severely wounded.
The ice beast misses you.
Casting: Sandblast (safe; 2% risk of failure)
Confirm with . or Enter, or press ? or * to list all spells.
Aiming: Sandblast (safe; 2% risk of failure)
Press: ? - help, Shift-Dir - straight line, f/p - ice beast
Aim: an ice beast (severely wounded, 82% to hit)
The blast of sand hits the ice beast.
The ice beast is severely wounded.
The ice beast barely misses you. The ice beast closely misses you.
Unknown command.
Casting: Sandblast (safe; 2% risk of failure)
Confirm with . or Enter, or press ? or * to list all spells.
Aiming: Sandblast (safe; 2% risk of failure)
Press: ? - help, Shift-Dir - straight line, f/p - ice beast
Aim: an ice beast (severely wounded, 82% to hit)
The blast of sand hits the ice beast.
The ice beast is almost dead.
The ice beast hits you.
* * * LOW HITPOINT WARNING * * *
The ice beast freezes you!
* * * LOW HITPOINT WARNING * * *
It was a potion of might.
You feel very mighty all of a sudden. The ice beast barely misses you.
Casting: Sandblast (safe; 2% risk of failure)
Confirm with . or Enter, or press ? or * to list all spells.
You don't have enough magic to cast this spell.
The ice beast attacks as you move away! The ice beast hits you.
You die...

.....### ......#
..... ... ##'##
#...# #...####.#
.#.####.Y......#
........@#######
#.......#
#######.# ######
#.# #.....
#########.#
#.####
#.........#
#.#.#.
#.#########
#.#... #.#.....#
#.#.#.
#.#.#.....#
#.#.#.


You could see an ice beast.

Vanquished Creatures
  5 adders
  A shadow imp (D:3)
  A worm (D:3)
  2 ball pythons (D:2)
  3 endoplasms (D:1)
  3 giant cockroaches
  A goblin (D:2)
  2 hobgoblins (D:2)
  4 kobolds
  11 bats
  2 frilled lizards (D:1)
  7 rats
42 creatures vanquished.

Notes
Turn   | Place    | Note
-------+----------+-------------------------------------------
     0 | D:1      | Descartes the Formicid Earth Elementalist began the quest
                  | for the Orb.
     0 | D:1      | Reached XP level 1. HP: 13/13 MP: 3/3
   227 | D:1      | Reached XP level 2. HP: 19/19 MP: 3/5
   340 | D:1      | Reached skill level 1 in Evocations
   686 | D:1      | Found a shadowy altar of Dithmenos.
   779 | D:2      | Found a faded altar of an unknown god.
   836 | D:2      | Reached skill level 4 in Earth Magic
   939 | D:2      | Reached XP level 3. HP: 24/24 MP: 4/7
  1627 | D:2      | Found Mihiet's Antique Weapon Boutique.
  1853 | D:2      | Reached XP level 4. HP: 30/30 MP: 6/8
  2218 | D:3      | Found a runed translucent gate.
  2219 | D:3      | Found a runed translucent gate.
  2220 | D:3      | Found a runed translucent gate.
  2222 | D:3      | Noticed zxspectator's ghost (amateur FoFi)
  2357 | D:3      | Noticed an ice beast
  2366 | D:3      | HP: 1/30 [ice beast (8)]
  2371 | D:3      | Slain by an ice beast

Illustrated notes

Levels and vault maps discovered:
D:1:      dpeg_arrival_water_altar, layout_rooms, kennysheep_nondescript,
          kennysheep_crisscross, corexii_leaking_fountain
D:2:      layout_basic, chequers_ecumenical_altar_simple_redux, serial_shops,
          nicolae_shop_tiny_waterfront, minmay_shallow_snake_nest
D:3:      layout_basic, nicolae_gozag_seed_capital, gammafunk_ghost_necromancy

Skill      XL: |  1  2  3  4 |
---------------+-------------+-----
Evocations     | 1 2 |  2.4
Earth Magic    | 4 |  4.6
Spellcasting   | 3 |  3.3
Dodging        | |  1.7
Stealth        | |  2.4
Transmutations | |  1.1

Action                     |  1- 3 |  4- 6 || total
---------------------------+-------+-------++-------
  Melee: Staff             |     1 |       ||     1
   Cast: Sandblast         |    36 |    28 ||    64
    Use: Potion            |       |     1 ||     1
 Armour: Robe              |     2 |     2 ||     4
  Dodge: Dodged            |     3 |    10 ||    13
